 Dungeon Sprint DCSS version 0.30-a0-1116-gebefce21f7 (webtiles) character file.

Game seed: 16895900629790532307

7 fozzywoppz the Shield-Bearer (level 2, -6/25 HPs)
             Began as a Formicid Fighter on Apr 21, 2023.
             Mangled by a sleepcap (18 damage)
             ... in the Dungeon (Sprint IX: "|||||||||||||||||||||||||||||").
             The game lasted 00:00:29 (44 turns).

fozzywoppz the Shield-Bearer (Formicid Fighter)       Turns: 44, Time: 00:00:29

Health: -6/25      AC:  7    Str: 20    XL:     2   Next: 5%
Magic:  2/2        EV:  2    Int:  7    God:
Gold:   0          SH:  0    Dex: 13    Spells: 1/1 levels left

rFire   . . .      SeeInvis +    a - +0 flail
rCold   . . .      Faith    .    c - +0 buckler
rNeg    . . .      Spirit   .    b - +0 scale mail
rPois   .          Reflect  .    (helmet unavailable)
rElec   .          Rampage  .    (no cloak)
rCorr   .                        (no gloves)
Will    .....                    (no boots) Stlth
                                 (no amulet)
HPRegen 0.24/turn                (no ring)
MPRegen 0.08/turn                (no ring)

@: mighty, sleeping
A: permanent stasis, dig shafts and tunnels, antennae 3, four strong arms
a: Dig


You were in the Dungeon.
You visited 1 branch

Inventory:

Hand Weapons
 a - a +0 flail (weapon)
Armour
 b - a +0 scale mail (worn)
 c - a +0 buckler (worn)
Scrolls
 h - a scroll of blinking
Potions
 e - a potion of curing
 f - a potion of heal wounds
 g - 2 potions of magic


   Skills:
 + Level 3.9 Fighting
 + Level 2.7 Maces & Flails
 + Level 3.9 Armour
 + Level 4.7 Shields


You had one spell level left.
You didn't know any spells.
Your spell library was empty.

Dungeon Overview and Level Annotations

Branches:
Dungeon (1/1)

Altars:


Innate Abilities, Weirdness & Mutations

You cannot be hasted, slowed, berserked, paralysed or teleported.
You can dig through walls and to a lower floor.
You have a pair of large antennae on your head. (SInv)
Your four strong arms can wield two-handed weapons with a shield.


Message History

The jackal is severely wounded.
The jackal bites you but does no damage.
You block the jackal's attack.
You closely miss the jackal.
The jackal is severely wounded.
The jackal bites you but does no damage. x2
You barely miss the jackal.
The jackal is severely wounded.
The jackal bites you but does no damage. x2
You hit the jackal.
You kill the jackal!
You have reached level 2!
There is an open door to the Dungeon here.
You start resting.
HP restored.
Okay, then.
You open the door.
A sleepcap, an ogre, a gnoll bouda, an orc and a dart slug come into view.
The ogre shouts!
The gnoll bouda shouts!
The orc shouts!
You hit the sleepcap.
The sleepcap is moderately damaged.
The sleepcap releases spores at you!
You hit the sleepcap but do no damage.
The sleepcap is moderately damaged.
The sleepcap closely misses you. x2
You sock the sleepcap!
The sleepcap is heavily damaged.
You block the sleepcap's attack.
The orc cheers loudly.
You hit the sleepcap.
The sleepcap is heavily damaged.
The sleepcap closely misses you.
You feel very mighty all of a sudden. The sleepcap releases spores at you!
You are engulfed in a cloud of soporific spores!
You fall asleep.
The sleepcap releases spores at you but does no damage.
The sleepcap releases spores at you!!
Ouch! That really hurt!
You die... ▓▓▓▓▓▓▓▓▓▓▓▓▓▓▓▓▓▓ ▓<...'....@fOgow.+ ▓▓▓▓▓▓▓▓▓▓▓▓▓▓▓▓▓▓

You could see an ogre, a sleepcap, a gnoll bouda, a dart slug and an orc.

Vanquished Creatures
  A ball python (D)
  A bat (D)
  An endoplasm (D)
  2 jackals (D)
5 creatures vanquished.

Notes
Turn   | Place    | Note
-------+----------+-------------------------------------------
     0 | D        | fozzywoppz the Formicid Fighter began the quest for the
                  | Orb.
     0 | D        | Reached XP level 1. HP: 18/18 MP: 1/1
     7 | D        | Banished a spatial maelstrom
    18 | D        | Reached XP level 2. HP: 21/25 MP: 2/2
    37 | D        | Noticed an ogre
    44 | D        | Mangled by a sleepcap

Illustrated notes

Levels and vault maps discovered:
D:        linesprint [early_d, line_temple, items_1, d_10, items_2, lair_1,
          lair_end, items_3, orc_1, orc_end, items_4, d_15, swamp_1, shoals_1,
          snake_1, spider_1, d_20, vaults_1, items_5, swamp_end, shoals_end,
          snake_end, spider_end, vaults_end, d_27, items_6, zot_1, zot_end,
          crypt_end, forest_end, elf_end, slime_end, tomb_end, abyss_end,
          pan_hell_end]

Action                     || total
---------------------------++-------
  Melee: Flail             ||    18
    Use: Potion            ||     1
 Armour: Scale mail        ||    11
  Dodge: Dodged            ||    10
  Block: Buckler           ||     4

Table legend: (Time is in decaauts)
 A = Elapsed time spent in this place.
 B = Non-inter-level travel time spent in this place.
 C = Inter-level travel time spent in this place.
 D = Time resting spent in this place.
 E = Time spent auto-exploring this place.
 F = Levels seen in this place.
 G = Mean time per level.
                   A        B        C        D        E       F      G
               +--------+--------+--------+--------+--------+-----+--------+
         Total |     49 |     49 |      0 |     13 |      0 |   1 |   49.0 |
       Dungeon |     49 |     49 |      0 |     13 |      0 |   1 |   49.0 |
               +--------+--------+--------+--------+--------+-----+--------+

Top non-repeatable levels by time:
       D: 49 daAuts
